Senateurs vs Red Wings
Created - February 27, 2020 at 23:06
Goals
|
Senateurs |
0 |
1 |
0 |
1 |
Red Wings |
1 |
3 |
2 |
6 |
|
Shots
|
Senateurs |
6 |
11 |
12 |
29 |
Red Wings |
10 |
15 |
13 |
38 |
|
1st period
1. Red Wings , Mike Richards 17 (Ole-Kristian Tollefsen 20, Connor Brown 23) at 7:47
Penalties :
Daniel Briere (Ott) for High sticking (Minor) at 0:59, Tomas Kopecky (Det) for Holding Stick (Minor) at 19:54
2nd period
2. Red Wings , Tomas Kopecky 12 (Ole-Kristian Tollefsen 21, Jiri Fischer 11) at 8:07
3. Senateurs , Sidney Crosby 41 (Phil Kessel 39, Jamie Benn 26) at 11:40
4. Red Wings , Alex Picard 15 (Mike Richards 37, Connor Brown 24) at 13:44 (PP)
5. Red Wings , Connor Brown 21 (Alex Picard 9) at 18:03
Penalties :
Dany Heatley (Det) for Tripping (Minor) at 0:15, Daniel Sedin (Ott) for Hooking (Minor) at 13:30, Riley Armstrong (Det) for Holding (Minor) at 15:07, Cody Franson (Ott) for Tripping (Minor) at 18:27
3rd period
6. Red Wings , Mike Richards 18 (Ryan O'Byrne 5, Philip Samuelsson 18) at 1:39
7. Red Wings , David Krejci 10 (Petr Pohl 11) at 18:44
Penalties :
Tomas Kopecky (Det) for Fighting (Major) at 3:52, Sidney Crosby (Ott) for Fighting (Major) at 3:52, David Krejci (Det) for Roughing (Minor) at 3:56
Goalie Stats
Roberto Luongo (Ott), 32 saves from 38 shots - (0.842), L, 4-6-1, 60:00 minutes
James Reimer (Det), 28 saves from 29 shots - (0.966), W, 17-17-4, 60:00 minutes
Players Stats for Senateurs
Player Name G A P +/- PIM S H SB GA TA FO MP PP MP PK MP
------------------------------------------------------------------------------------
Arturs Kulda 0 0 0 0 0 0 0 0 0 0 0/0 2:52 0:00 0:00
Carlo Colaiacovo 0 0 0 0 0 0 1 0 1 0 0/0 13:54 0:00 1:49
Cody Franson 0 0 0 -3 2 1 1 1 0 0 0/0 24:47 4:23 1:18
Colby Armstrong 0 0 0 -1 0 2 5 0 1 1 0/1 17:29 2:37 0:00
Daniel Briere 0 0 0 -3 2 1 2 0 1 0 3/8 13:32 0:00 0:13
Daniel Sedin 0 0 0 -1 2 1 0 0 1 0 0/0 16:57 2:37 0:00
Dion Phaneuf 0 0 0 -3 0 2 1 2 3 2 0/0 29:22 4:23 3:07
Duncan Keith 0 0 0 -1 0 0 1 2 1 1 0/0 18:50 1:55 1:05
Evgeni Malkin 0 0 0 -1 0 5 0 1 1 0 11/16 19:46 2:23 3:02
Jamie Benn 0 1 1 0 0 2 1 0 0 0 0/0 20:10 3:41 0:19
Mark Giordano 0 0 0 0 0 0 1 0 0 0 0/0 11:41 0:00 0:00
Nate Prosser 0 0 0 -1 0 2 1 0 0 1 0/0 18:50 1:55 1:05
Phil Kessel 0 1 1 0 0 4 3 0 1 0 0/1 20:58 3:41 1:08
Radim Vrbata 0 0 0 -3 0 2 3 0 0 0 0/0 14:10 0:32 0:00
Ryan Hollweg 0 0 0 0 0 0 2 0 0 0 1/1 8:02 0:00 0:40
Sergei Kostitsyn 0 0 0 -3 0 4 2 0 0 1 1/6 14:37 0:42 0:00
Sidney Crosby 1 0 1 0 5 1 0 0 2 0 13/30 23:37 2:41 3:02
Stephane Da Costa 0 0 0 0 0 2 0 0 0 0 0/3 6:10 0:00 0:00
Players Stats for Red Wings
Player Name G A P +/- PIM S H SB GA TA FO MP PP MP PK MP
------------------------------------------------------------------------------------
Alex Picard 1 1 2 3 0 2 2 0 0 0 2/2 19:38 2:21 1:07
Andrew Alberts 0 0 0 0 0 0 0 2 0 2 0/0 17:14 0:00 3:25
Carson Mcmillan 0 0 0 0 0 3 1 0 1 0 1/3 11:28 0:00 3:22
Connor Brown 1 2 3 3 0 3 1 0 0 1 0/2 18:17 2:21 0:00
Dany Heatley 0 0 0 1 2 2 1 0 0 0 0/2 12:11 0:00 2:04
David Krejci 1 0 1 1 2 2 1 0 0 0 3/7 11:15 0:00 1:05
Jiri Fischer 0 1 1 1 0 1 1 0 1 1 0/0 22:39 1:21 2:53
Karl Alzner 0 0 0 0 0 3 0 0 0 0 0/0 18:20 1:21 3:25
Maxim Lapierre 0 0 0 0 0 0 0 0 1 0 0/0 17:18 1:51 0:00
Michael Haley 0 0 0 0 0 1 0 0 0 1 0/0 10:36 0:00 2:36
Mike Richards 2 1 3 3 0 3 2 0 0 0 9/14 19:54 2:21 0:00
Nick Bjugstad 0 0 0 0 0 3 2 0 2 2 17/28 17:57 1:51 0:39
Ole-Kristian Tollefsen 0 2 2 1 0 2 1 2 1 0 0/0 20:51 2:42 0:00
Petr Pohl 0 1 1 1 0 2 2 0 0 0 2/2 10:00 0:00 0:00
Philip Samuelsson 0 1 1 3 0 2 0 2 0 4 0/0 20:22 2:51 0:00
Riley Armstrong 0 0 0 0 2 0 1 0 0 1 3/5 7:59 0:00 0:00
Ryan O'Byrne 0 1 1 3 0 2 0 0 0 0 0/0 20:21 0:09 2:53
Tomas Kopecky 1 0 1 0 7 7 0 1 0 0 0/1 15:39 1:51 0:04
3 Stars
1 - Mike Richards (Det)
2 - Connor Brown (Det)
3 - Alex Picard (Det)
Power Play
Senateurs - 0 on 4 Attempt(s) - 0.00%
Red Wings - 1 on 3 Attempt(s) - 33.33%
Penalty Kill
Senateurs - 2 on 3 Attempt(s) - 66.67%
- Score 0 goal in Penalty Kill
Red Wings - 4 on 4 Attempt(s) - 100.00%
- Score 0 goal in Penalty Kill
Team Stat
Senateurs - Hits : 24 - Faceoff Wins : 29 - Blocked Shots : 6 - Penalty Minutes : 11
Red Wings - Hits : 15 - Faceoff Wins : 37 - Blocked Shots : 7 - Penalty Minutes : 13
Official
Referees : Unknown
Linesman : Unknown
Game Notes
Sidney Crosby beats up Tomas Kopecky at 3:52 of 3rd period
Finance
Level 1 -- Attendance: 4904 (81.73%) -- Ticket Income $524,728
Level 2 -- Attendance: 4041 (80.82%) -- Ticket Income $286,911
Level 3 -- Attendance: 1486 (74.30%) -- Ticket Income $71,328
Level 4 -- Attendance: 3062 (76.55%) -- Ticket Income $101,046
Luxury Box -- Attendance: 820 (82.00%) -- Ticket Income $155,800
Game was played at the Joe Louis Arena.
Total Attendance: 14313 (79.52%)
Total Ticket Income: $1,139,813
Other Income: $170,972
Total Income: $1,310,785
Senateurs
5 vs 5 Forward
Center Left Wing Right Wing Time % Phy DF OF
1 Sidney Crosby Jamie Benn Phil Kessel 40 1 2 2
2 Evgeni Malkin Daniel Sedin Colby Armstrong 30 1 2 2
3 Daniel Briere Sergei Kostitsyn Radim Vrbata 20 1 2 2
4 Stephane Da Costa Ryan Hollweg Sidney Crosby 10 1 2 2
5 vs 5 Defense
Defense Defense Time % Phy DF OF
1 Dion Phaneuf Cody Franson 40 1 2 2
2 Duncan Keith Nate Prosser 30 1 2 2
3 Mark Giordano Carlo Colaiacovo 20 1 2 2
4 Arturs Kulda Dion Phaneuf 10 1 2 2
PowerPlay Forward
Center Left Wing Right Wing Time % Phy DF OF
1 Sidney Crosby Jamie Benn Phil Kessel 60 1 2 2
2 Evgeni Malkin Daniel Sedin Colby Armstrong 40 1 2 2
PowerPlay Defense
Defense Defense Time % Phy DF OF
1 Dion Phaneuf Cody Franson 60 1 2 2
2 Duncan Keith Nate Prosser 40 1 2 2
Penalty Kill 4 Players Forward
Center Wing Time % Phy DF OF
1 Sidney Crosby Evgeni Malkin 60 1 2 2
2 Phil Kessel Daniel Briere 40 1 2 2
Penalty Kill 4 Players Defense
Defense Defense Time % Phy DF OF
1 Dion Phaneuf Cody Franson 60 1 2 2
2 Duncan Keith Nate Prosser 40 1 2 2
Penalty Kill - 3 Players Forward
Forward Time % Phy DF OF
1 Sidney Crosby 60 1 2 2
2 Evgeni Malkin 40 1 2 2
Penalty Kill - 3 Players Defense
Defense Defense Time % Phy DF OF
1 Dion Phaneuf Cody Franson 60 1 2 2
2 Duncan Keith Nate Prosser 40 1 2 2
4 vs 4 Forward
Center Wing Time % Phy DF OF
1 Sidney Crosby Evgeni Malkin 60 1 2 2
2 Phil Kessel Daniel Briere 40 1 2 2
4 vs 4 Defense
Defense Defense Time % Phy DF OF
1 Dion Phaneuf Cody Franson 60 1 2 2
2 Duncan Keith Nate Prosser 40 1 2 2
Last Minutes Offensive
Center Left Wing Right Wing Defense Defense
Sidney Crosby Jamie Benn Phil Kessel Dion Phaneuf Cody Franson
Last Minutes Defensive
Center Left Wing Right Wing Defense Defense
Sidney Crosby Jamie Benn Phil Kessel Dion Phaneuf Cody Franson
Goaltenders
Starting : Roberto Luongo
Backup : Ondrej Pavelec
Extra Forwards
Normal : Sergei Kostitsyn, Radim Vrbata, Ryan Hollweg - PP : Sergei Kostitsyn, Radim Vrbata - PK : Ryan Hollweg
Extra Defensemen
Normal : Mark Giordano, Carlo Colaiacovo, Arturs Kulda - PP : Mark Giordano - PK : Carlo Colaiacovo, Arturs Kulda
Penalty Shots
Sidney Crosby, Evgeni Malkin, Phil Kessel, Daniel Briere, Jamie Benn
Scratches
Chris Kunitz (Healthy), Michel Ouellet (Healthy)
Red Wings
5 vs 5 Forward
Center Left Wing Right Wing Time % Phy DF OF
1 Mike Richards Alex Picard Connor Brown 38 0 2 3
2 Nick Bjugstad Maxim Lapierre Tomas Kopecky 37 0 2 3
3 David Krejci Dany Heatley Petr Pohl 15 0 3 2
4 Riley Armstrong Michael Haley Carson Mcmillan 10 0 3 2
5 vs 5 Defense
Defense Defense Time % Phy DF OF
1 Ryan O'Byrne Philip Samuelsson 35 0 3 2
2 Ole-Kristian Tollefsen Jiri Fischer 35 0 3 2
3 Karl Alzner Andrew Alberts 20 0 3 2
4 Karl Alzner Andrew Alberts 10 0 3 2
PowerPlay Forward
Center Left Wing Right Wing Time % Phy DF OF
1 Mike Richards Alex Picard Connor Brown 55 0 1 4
2 Nick Bjugstad Maxim Lapierre Tomas Kopecky 45 0 1 4
PowerPlay Defense
Defense Defense Time % Phy DF OF
1 Philip Samuelsson Ole-Kristian Tollefsen 60 0 2 3
2 Jiri Fischer Karl Alzner 40 0 2 3
Penalty Kill 4 Players Forward
Center Wing Time % Phy DF OF
1 David Krejci Carson Mcmillan 50 1 2 2
2 Dany Heatley Michael Haley 50 1 2 2
Penalty Kill 4 Players Defense
Defense Defense Time % Phy DF OF
1 Ryan O'Byrne Jiri Fischer 50 1 2 2
2 Karl Alzner Andrew Alberts 50 1 2 2
Penalty Kill - 3 Players Forward
Forward Time % Phy DF OF
1 Carson Mcmillan 60 1 2 2
2 Michael Haley 40 1 2 2
Penalty Kill - 3 Players Defense
Defense Defense Time % Phy DF OF
1 Ryan O'Byrne Jiri Fischer 50 1 2 2
2 Karl Alzner Andrew Alberts 50 1 2 2
4 vs 4 Forward
Center Wing Time % Phy DF OF
1 Mike Richards Connor Brown 60 1 2 2
2 Nick Bjugstad Alex Picard 40 1 2 2
4 vs 4 Defense
Defense Defense Time % Phy DF OF
1 Ryan O'Byrne Philip Samuelsson 60 1 2 2
2 Ole-Kristian Tollefsen Jiri Fischer 40 1 2 2
Last Minutes Offensive
Center Left Wing Right Wing Defense Defense
Mike Richards Alex Picard Connor Brown Ole-Kristian Tollefsen Karl Alzner
Last Minutes Defensive
Center Left Wing Right Wing Defense Defense
Dany Heatley Michael Haley Carson Mcmillan Andrew Alberts Ryan O'Byrne
Goaltenders
Starting : James Reimer
Backup : Josh Harding
Extra Forwards
Normal : Mike Richards, Connor Brown, David Krejci - PP : David Krejci, Alex Picard - PK : Alex Picard
Extra Defensemen
Normal : Jiri Fischer, Ole-Kristian Tollefsen, Karl Alzner - PP : Ryan O'Byrne - PK : Ole-Kristian Tollefsen, Karl Alzner
Penalty Shots
Mike Richards, Carson Mcmillan, Nick Bjugstad, Alex Picard, Dany Heatley
Scratches
Anton Volchenkov (Healthy), Chris Kelly (Healthy), Jean-Francois Berube (Healthy)
% Time on Ice - Senateurs
Lines # - Real PCT - Wanted PCT - Time Play
Normal Forward
1 - 33% - 40% - 16:31
2 - 29% - 30% - 14:17
3 - 25% - 20% - 12:32
4 - 12% - 10% - 6:10
Normal Defense
1 - 39% - 40% - 19:07
2 - 32% - 30% - 15:50
3 - 24% - 20% - 11:41
4 - 6% - 10% - 2:52
PP Forward
1 - 62% - 60% - 3:55
2 - 38% - 40% - 2:23
PP Defense
1 - 70% - 60% - 4:23
2 - 30% - 40% - 1:55
PK Forward
1 - 73% - 60% - 3:04
2 - 27% - 40% - 1:08
PK Defense
1 - 74% - 60% - 3:07
2 - 26% - 40% - 1:05
PK3 Forward
1 - 0% - 60%
2 - 0% - 40%
PK3 Defense
1 - 0% - 60%
2 - 0% - 40%
44 Forward
1 - 0% - 60%
2 - 0% - 40%
44 Defense
1 - 0% - 60%
2 - 0% - 40%
Last Minute Offensive - 0:00
Last Minute Defensive - 0:00
Total
Forward - 60:00
Defense - 60:00
|
% Time on Ice - Red Wings
Lines # - Real PCT - Wanted PCT - Time Play
Normal Forward
1 - 32% - 38% - 16:03
2 - 31% - 37% - 15:27
3 - 20% - 15% - 10:00
4 - 16% - 10% - 8:00
Normal Defense
1 - 36% - 35% - 18:01
2 - 37% - 35% - 18:28
3 - 20% - 20% - 9:43
4 - 7% - 10% - 3:18
PP Forward
1 - 56% - 55% - 2:21
2 - 44% - 45% - 1:51
PP Defense
1 - 68% - 60% - 2:51
2 - 32% - 40% - 1:21
PK Forward
1 - 52% - 50% - 2:25
2 - 48% - 50% - 2:15
PK Defense
1 - 39% - 50% - 1:50
2 - 61% - 50% - 2:50
PK3 Forward
1 - 79% - 60% - 1:17
2 - 21% - 40% - 0:21
PK3 Defense
1 - 64% - 50% - 1:03
2 - 36% - 50% - 0:35
44 Forward
1 - 0% - 60%
2 - 0% - 40%
44 Defense
1 - 0% - 60%
2 - 0% - 40%
Last Minute Offensive - 0:00
Last Minute Defensive - 0:00
Total
Forward - 60:00
Defense - 60:00
|
Play-by-Play
1st period
0:01 of 1st period - Sidney Crosby wins face-off versus Mike Richards in neutral zone.
0:10 of 1st period - Wrist shot by Phil Kessel.
0:10 of 1st period - Shot Misses the Net.
0:12 of 1st period - Backhand shot by Sidney Crosby.
0:12 of 1st period - Shot Misses the Net.
0:26 of 1st period - Maxim Lapierre is hit by Dion Phaneuf and loses puck.
0:35 of 1st period - Wrist shot by Evgeni Malkin.
0:35 of 1st period - Shot Misses the Net.
0:37 of 1st period - Slapshot by Cody Franson.
0:37 of 1st period - Deflect By Colby Armstrong.
0:37 of 1st period - Shot Blocked by Tomas Kopecky.
0:37 of 1st period - Puck is out of play.
0:38 of 1st period - Daniel Briere wins face-off versus Dany Heatley in Red Wings zone.
0:49 of 1st period - Snap shot by Radim Vrbata.
0:49 of 1st period - Shot Misses the Net.
0:59 of 1st period - Minor Penalty to Daniel Briere for High sticking.
1:00 of 1st period - Sidney Crosby wins face-off versus Mike Richards in Senateurs zone.
2:52 of 1st period - Nick Bjugstad is hit by Phil Kessel and loses puck.
2:59 of 1st period - Penalty to Daniel Briere is over, Daniel Briere is back on ice.
4:46 of 1st period - Carson Mcmillan is hit by Ryan Hollweg.
5:21 of 1st period - Maxim Lapierre is hit by Radim Vrbata and loses puck.
5:50 of 1st period - Carlo Colaiacovo is hit by David Krejci and loses puck.
6:17 of 1st period - Carson Mcmillan is hit by Cody Franson and loses puck.
6:37 of 1st period - Philip Samuelsson is hit by Colby Armstrong and loses puck.
7:05 of 1st period - Sidney Crosby is hit by Mike Richards and loses puck.
7:23 of 1st period - Snap shot by Sergei Kostitsyn.
7:23 of 1st period - Deflect By Ryan O'Byrne.
7:23 of 1st period - Stopped by James Reimer without a rebound.
7:24 of 1st period - Nick Bjugstad wins face-off versus Daniel Briere in Red Wings zone.
7:24 of 1st period - Nick Bjugstad is hit by Daniel Briere.
7:37 of 1st period - Wrist shot by Sergei Kostitsyn.
7:37 of 1st period - Deflect By Radim Vrbata.
7:37 of 1st period - Shot Misses the Net.
7:37 of 1st period - Puck is out of play.
7:38 of 1st period - Mike Richards wins face-off versus Sidney Crosby in Red Wings zone.
7:45 of 1st period - Slapshot by Ole-Kristian Tollefsen.
7:45 of 1st period - Shot Misses the Net.
7:47 of 1st period - Snap shot by Mike Richards.
7:47 of 1st period - Goal by Mike Richards - Senateurs : 0 - Red Wings : 1.
7:48 of 1st period - Nick Bjugstad wins face-off versus Sidney Crosby in neutral zone.
7:50 of 1st period - Off-side.
7:51 of 1st period - Sidney Crosby wins face-off versus Nick Bjugstad in neutral zone.
7:56 of 1st period - Snap shot by Sidney Crosby.
7:56 of 1st period - Shot Misses the Net.
7:58 of 1st period - Snap shot by Jamie Benn.
7:58 of 1st period - Stopped by James Reimer with a rebound.
8:00 of 1st period - Slapshot by Cody Franson.
8:00 of 1st period - Shot Misses the Net.
8:04 of 1st period - Snap shot by Phil Kessel.
8:04 of 1st period - Shot Misses the Net.
8:25 of 1st period - Off-side.
8:26 of 1st period - Mike Richards wins face-off versus Sidney Crosby in neutral zone.
9:31 of 1st period - Carlo Colaiacovo is hit by Connor Brown and loses puck.
9:48 of 1st period - Slapshot by Carson Mcmillan.
9:48 of 1st period - Stopped by Roberto Luongo without a rebound.
9:49 of 1st period - Evgeni Malkin wins face-off versus Riley Armstrong in Senateurs zone.
9:58 of 1st period - Snap shot by Evgeni Malkin.
9:58 of 1st period - Stopped by James Reimer without a rebound.
9:59 of 1st period - Nick Bjugstad wins face-off versus Sidney Crosby in Red Wings zone.
10:28 of 1st period - Slapshot by Ole-Kristian Tollefsen.
10:28 of 1st period - Shot Blocked by Cody Franson.
10:57 of 1st period - Snap shot by Daniel Briere.
10:57 of 1st period - Shot Blocked by Philip Samuelsson.
11:17 of 1st period - Slapshot by Dion Phaneuf.
11:17 of 1st period - Shot Misses the Net.
11:35 of 1st period - Wrist shot by Sergei Kostitsyn.
11:35 of 1st period - Stopped by James Reimer with a rebound.
13:28 of 1st period - Snap shot by Daniel Briere.
13:28 of 1st period - Stopped by James Reimer without a rebound.
13:29 of 1st period - Nick Bjugstad wins face-off versus Sidney Crosby in Red Wings zone.
13:54 of 1st period - Petr Pohl is hit by Colby Armstrong.
13:58 of 1st period - Backhand shot by Petr Pohl.
13:58 of 1st period - Stopped by Roberto Luongo with a rebound.
14:00 of 1st period - Slapshot by Dany Heatley.
14:00 of 1st period - Stopped by Roberto Luongo with a rebound.
14:15 of 1st period - Off-side.
14:16 of 1st period - Riley Armstrong wins face-off versus Stephane Da Costa in neutral zone.
14:29 of 1st period - Snap shot by Stephane Da Costa.
14:29 of 1st period - Stopped by James Reimer with a rebound.
15:24 of 1st period - Slapshot by Riley Armstrong.
15:24 of 1st period - Shot Misses the Net.
16:06 of 1st period - Icing by Tomas Kopecky.
16:07 of 1st period - Riley Armstrong wins face-off versus Evgeni Malkin in Red Wings zone.
16:37 of 1st period - Mark Giordano is hit by Carson Mcmillan.
17:06 of 1st period - Phil Kessel is hit by Riley Armstrong and loses puck.
17:18 of 1st period - Slapshot by Ole-Kristian Tollefsen.
17:18 of 1st period - Stopped by Roberto Luongo without a rebound.
17:19 of 1st period - Nick Bjugstad wins face-off versus Evgeni Malkin in Senateurs zone.
17:26 of 1st period - Snap shot by Tomas Kopecky.
17:26 of 1st period - Shot Misses the Net.
17:28 of 1st period - Backhand shot by Tomas Kopecky.
17:28 of 1st period - Stopped by Roberto Luongo with a rebound.
17:30 of 1st period - Backhand shot by Nick Bjugstad.
17:30 of 1st period - Shot Misses the Net.
17:44 of 1st period - Connor Brown is hit by Ryan Hollweg and loses puck.
18:07 of 1st period - Ryan O'Byrne is hit by Sergei Kostitsyn and loses puck.
18:17 of 1st period - Icing by Philip Samuelsson.
18:18 of 1st period - Nick Bjugstad wins face-off versus Stephane Da Costa in Red Wings zone.
19:05 of 1st period - Wrist shot by David Krejci.
19:05 of 1st period - Shot Misses the Net.
19:26 of 1st period - Snap shot by Riley Armstrong.
19:26 of 1st period - Shot Misses the Net.
19:28 of 1st period - Slapshot by Michael Haley.
19:28 of 1st period - Stopped by Roberto Luongo with a rebound.
19:30 of 1st period - Snap shot by Carson Mcmillan.
19:30 of 1st period - Stopped by Roberto Luongo without a rebound.
19:31 of 1st period - Riley Armstrong wins face-off versus Colby Armstrong in Senateurs zone.
19:40 of 1st period - Wrist shot by Carson Mcmillan.
19:40 of 1st period - Stopped by Roberto Luongo with a rebound.
19:42 of 1st period - Snap shot by Philip Samuelsson.
19:42 of 1st period - Deflect By Riley Armstrong.
19:42 of 1st period - Shot Blocked by Dion Phaneuf.
19:42 of 1st period - Puck is out of play.
19:43 of 1st period - Nick Bjugstad wins face-off versus Sidney Crosby in Senateurs zone.
19:44 of 1st period - Slapshot by Tomas Kopecky.
19:44 of 1st period - Stopped by Roberto Luongo with a rebound.
19:54 of 1st period - Minor Penalty to Tomas Kopecky for Holding Stick.
19:55 of 1st period - Sidney Crosby wins face-off versus David Krejci in Red Wings zone.
19:55 of 1st period - Slapshot by Phil Kessel.
19:55 of 1st period - Shot Misses the Net.
Goals for this period are 0 for Senateurs vs 1 for Red Wings.
Shots for this period are 6 for Senateurs vs 10 for Red Wings.
2nd period
0:01 of 2nd period - Sidney Crosby wins face-off versus Dany Heatley in neutral zone.
0:08 of 2nd period - Slapshot by Phil Kessel.
0:08 of 2nd period - Stopped by James Reimer with a rebound.
0:15 of 2nd period - Minor Penalty to Dany Heatley for Tripping.
0:16 of 2nd period - Sidney Crosby wins face-off versus Carson Mcmillan in Red Wings zone.
0:26 of 2nd period - Snap shot by Phil Kessel.
0:26 of 2nd period - Stopped by James Reimer without a rebound.
0:27 of 2nd period - Carson Mcmillan wins face-off versus Sidney Crosby in Red Wings zone.
0:42 of 2nd period - Snap shot by Phil Kessel.
0:42 of 2nd period - Shot Blocked by Andrew Alberts.
0:44 of 2nd period - Slapshot by Dion Phaneuf.
0:44 of 2nd period - Stopped by James Reimer without a rebound.
0:45 of 2nd period - Evgeni Malkin wins face-off versus Carson Mcmillan in Red Wings zone.
0:52 of 2nd period - Wrist shot by Evgeni Malkin.
0:52 of 2nd period - Stopped by James Reimer with a rebound.
1:54 of 2nd period - Penalty to Tomas Kopecky is over, Tomas Kopecky is back on ice.
2:15 of 2nd period - Penalty to Dany Heatley is over, Dany Heatley is back on ice.
2:58 of 2nd period - Radim Vrbata is hit by Alex Picard and loses puck.
4:38 of 2nd period - Alex Picard is hit by Mark Giordano.
4:46 of 2nd period - Backhand shot by Karl Alzner.
4:46 of 2nd period - Shot Misses the Net.
4:48 of 2nd period - Slapshot by Karl Alzner.
4:48 of 2nd period - Stopped by Roberto Luongo with a rebound.
5:00 of 2nd period - Snap shot by Riley Armstrong.
5:00 of 2nd period - Deflect By Carson Mcmillan.
5:00 of 2nd period - Shot Misses the Net.
5:00 of 2nd period - Puck is out of play.
5:01 of 2nd period - Evgeni Malkin wins face-off versus Riley Armstrong in Senateurs zone.
5:51 of 2nd period - Wrist shot by Karl Alzner.
5:51 of 2nd period - Stopped by Roberto Luongo without a rebound.
5:52 of 2nd period - David Krejci wins face-off versus Stephane Da Costa in Senateurs zone.
6:40 of 2nd period - Snap shot by Connor Brown.
6:40 of 2nd period - Stopped by Roberto Luongo with a rebound.
6:42 of 2nd period - Snap shot by Jiri Fischer.
6:42 of 2nd period - Stopped by Roberto Luongo with a rebound.
6:44 of 2nd period - Slapshot by Jiri Fischer.
6:44 of 2nd period - Shot Misses the Net.
6:46 of 2nd period - Snap shot by Mike Richards.
6:46 of 2nd period - Stopped by Roberto Luongo without a rebound.
6:47 of 2nd period - Mike Richards wins face-off versus Sidney Crosby in Senateurs zone.
7:50 of 2nd period - Slapshot by Karl Alzner.
7:50 of 2nd period - Deflect By Alex Picard.
7:50 of 2nd period - Stopped by Roberto Luongo without a rebound.
7:51 of 2nd period - Evgeni Malkin wins face-off versus Nick Bjugstad in Senateurs zone.
7:57 of 2nd period - Off-side.
7:58 of 2nd period - Evgeni Malkin wins face-off versus Nick Bjugstad in neutral zone.
8:05 of 2nd period - Slapshot by Ole-Kristian Tollefsen.
8:05 of 2nd period - Stopped by Roberto Luongo with a rebound.
8:07 of 2nd period - Snap shot by Tomas Kopecky.
8:07 of 2nd period - Goal by Tomas Kopecky - Senateurs : 0 - Red Wings : 2.
8:08 of 2nd period - Nick Bjugstad wins face-off versus Sidney Crosby in neutral zone.
8:11 of 2nd period - Slapshot by Philip Samuelsson.
8:11 of 2nd period - Stopped by Roberto Luongo with a rebound.
8:13 of 2nd period - Snap shot by Nick Bjugstad.
8:13 of 2nd period - Stopped by Roberto Luongo with a rebound.
8:33 of 2nd period - Alex Picard is hit by Colby Armstrong and loses puck.
8:38 of 2nd period - Slapshot by Evgeni Malkin.
8:38 of 2nd period - Stopped by James Reimer without a rebound.
8:39 of 2nd period - Mike Richards wins face-off versus Evgeni Malkin in Red Wings zone.
9:06 of 2nd period - Tomas Kopecky is hit by Phil Kessel and loses puck.
9:25 of 2nd period - Philip Samuelsson is hit by Radim Vrbata and loses puck.
9:32 of 2nd period - Radim Vrbata is hit by Petr Pohl and loses puck.
10:11 of 2nd period - Snap shot by Daniel Sedin.
10:11 of 2nd period - Stopped by James Reimer without a rebound.
10:12 of 2nd period - Evgeni Malkin wins face-off versus Nick Bjugstad in Red Wings zone.
11:10 of 2nd period - Wrist shot by Sergei Kostitsyn.
11:10 of 2nd period - Stopped by James Reimer with a rebound.
11:12 of 2nd period - Wrist shot by Daniel Briere.
11:12 of 2nd period - Deflect By Sergei Kostitsyn.
11:12 of 2nd period - Shot Misses the Net.
11:12 of 2nd period - Puck is out of play.
11:13 of 2nd period - Evgeni Malkin wins face-off versus Nick Bjugstad in Red Wings zone.
11:24 of 2nd period - Backhand shot by Colby Armstrong.
11:24 of 2nd period - Stopped by James Reimer without a rebound.
11:25 of 2nd period - Nick Bjugstad wins face-off versus Sidney Crosby in Red Wings zone.
11:30 of 2nd period - Phil Kessel is hit by Ole-Kristian Tollefsen.
11:40 of 2nd period - Snap shot by Sidney Crosby.
11:40 of 2nd period - Goal by Sidney Crosby - Senateurs : 1 - Red Wings : 2.
11:41 of 2nd period - Sidney Crosby wins face-off versus Nick Bjugstad in neutral zone.
12:15 of 2nd period - Wrist shot by Connor Brown.
12:15 of 2nd period - Shot Misses the Net.
13:02 of 2nd period - Wrist shot by Sidney Crosby.
13:02 of 2nd period - Shot Misses the Net.
13:30 of 2nd period - Minor Penalty to Daniel Sedin for Hooking.
13:31 of 2nd period - Alex Picard wins face-off versus Sidney Crosby in Senateurs zone.
13:44 of 2nd period - Slapshot by Alex Picard.
13:44 of 2nd period - Goal by Alex Picard - Senateurs : 1 - Red Wings : 3.
13:45 of 2nd period - Nick Bjugstad wins face-off versus Sidney Crosby in neutral zone.
14:46 of 2nd period - Wrist shot by Petr Pohl.
14:46 of 2nd period - Shot Misses the Net.
14:48 of 2nd period - Slapshot by David Krejci.
14:48 of 2nd period - Shot Blocked by Duncan Keith.
14:58 of 2nd period - Wrist shot by Sidney Crosby.
14:58 of 2nd period - Shot Blocked by Ole-Kristian Tollefsen.
15:07 of 2nd period - Minor Penalty to Riley Armstrong for Holding.
15:08 of 2nd period - Sidney Crosby wins face-off versus David Krejci in Red Wings zone.
15:14 of 2nd period - Snap shot by Phil Kessel.
15:14 of 2nd period - Shot Misses the Net.
15:16 of 2nd period - Slapshot by Phil Kessel.
15:16 of 2nd period - Stopped by James Reimer with a rebound.
15:18 of 2nd period - Slapshot by Dion Phaneuf.
15:18 of 2nd period - Deflect By Andrew Alberts.
15:18 of 2nd period - Stopped by James Reimer with a rebound.
15:20 of 2nd period - Slapshot by Dion Phaneuf.
15:20 of 2nd period - Shot Blocked by Andrew Alberts.
16:20 of 2nd period - David Krejci is hit by Duncan Keith and loses puck.
16:31 of 2nd period - Daniel Sedin is hit by Dany Heatley and loses puck.
16:38 of 2nd period - Jiri Fischer is hit by Colby Armstrong and loses puck.
17:07 of 2nd period - Penalty to Riley Armstrong is over, Riley Armstrong is back on ice.
17:15 of 2nd period - Karl Alzner is hit by Daniel Briere and loses puck.
17:24 of 2nd period - Backhand shot by Daniel Briere.
17:24 of 2nd period - Shot Misses the Net.
17:58 of 2nd period - Sergei Kostitsyn is hit by Mike Richards and loses puck.
18:03 of 2nd period - Slapshot by Connor Brown.
18:03 of 2nd period - Goal by Connor Brown - Senateurs : 1 - Red Wings : 4.
18:04 of 2nd period - Mike Richards wins face-off versus Sidney Crosby in neutral zone.
18:06 of 2nd period - Philip Samuelsson is hit by Phil Kessel and loses puck.
18:27 of 2nd period - Minor Penalty to Cody Franson for Tripping.
18:28 of 2nd period - Sidney Crosby wins face-off versus Connor Brown in Senateurs zone.
19:01 of 2nd period - Slapshot by Tomas Kopecky.
19:01 of 2nd period - Stopped by Roberto Luongo without a rebound.
19:02 of 2nd period - Nick Bjugstad wins face-off versus Sidney Crosby in Senateurs zone.
19:05 of 2nd period - Wrist shot by Tomas Kopecky.
19:05 of 2nd period - Shot Blocked by Dion Phaneuf.
19:07 of 2nd period - Slapshot by Karl Alzner.
19:07 of 2nd period - Stopped by Roberto Luongo with a rebound.
19:09 of 2nd period - Snap shot by Tomas Kopecky.
19:09 of 2nd period - Stopped by Roberto Luongo without a rebound.
19:10 of 2nd period - Sidney Crosby wins face-off versus Nick Bjugstad in Senateurs zone.
19:10 of 2nd period - Sidney Crosby is hit by Jiri Fischer.
Goals for this period are 1 for Senateurs vs 3 for Red Wings.
Shots for this period are 11 for Senateurs vs 15 for Red Wings.
3rd period
0:01 of 3rd period - Sidney Crosby wins face-off versus Mike Richards in neutral zone.
0:27 of 3rd period - Penalty to Cody Franson is over, Cody Franson is back on ice.
0:32 of 3rd period - Dion Phaneuf is hit by Petr Pohl and loses puck.
0:43 of 3rd period - Wrist shot by Dany Heatley.
0:43 of 3rd period - Stopped by Roberto Luongo without a rebound.
0:44 of 3rd period - Daniel Briere wins face-off versus Nick Bjugstad in Senateurs zone.
0:51 of 3rd period - Snap shot by Daniel Briere.
0:51 of 3rd period - Shot Misses the Net.
0:53 of 3rd period - Slapshot by Duncan Keith.
0:53 of 3rd period - Deflect By Daniel Briere.
0:53 of 3rd period - Shot Misses the Net.
0:53 of 3rd period - Puck is out of play.
0:54 of 3rd period - Daniel Briere wins face-off versus Nick Bjugstad in Red Wings zone.
0:55 of 3rd period - Wrist shot by Radim Vrbata.
0:55 of 3rd period - Stopped by James Reimer without a rebound.
0:56 of 3rd period - Sidney Crosby wins face-off versus Mike Richards in Red Wings zone.
1:29 of 3rd period - Icing by Philip Samuelsson.
1:30 of 3rd period - Mike Richards wins face-off versus Daniel Briere in Red Wings zone.
1:35 of 3rd period - Slapshot by Philip Samuelsson.
1:35 of 3rd period - Stopped by Roberto Luongo with a rebound.
1:37 of 3rd period - Slapshot by Ryan O'Byrne.
1:37 of 3rd period - Shot Blocked by Duncan Keith.
1:39 of 3rd period - Wrist shot by Ryan O'Byrne.
1:39 of 3rd period - Deflect By Mike Richards.
1:39 of 3rd period - Goal by Mike Richards - Senateurs : 1 - Red Wings : 5.
1:40 of 3rd period - Nick Bjugstad wins face-off versus Sidney Crosby in neutral zone.
1:43 of 3rd period - Jamie Benn is hit by Nick Bjugstad and loses puck.
1:48 of 3rd period - Backhand shot by Tomas Kopecky.
1:48 of 3rd period - Stopped by Roberto Luongo with a rebound.
2:06 of 3rd period - Mike Richards is hit by Colby Armstrong.
2:56 of 3rd period - Slapshot by Nate Prosser.
2:56 of 3rd period - Shot Misses the Net.
3:08 of 3rd period - Snap shot by Evgeni Malkin.
3:08 of 3rd period - Stopped by James Reimer with a rebound.
3:14 of 3rd period - Cody Franson is hit by Alex Picard and loses puck.
3:35 of 3rd period - Snap shot by Connor Brown.
3:35 of 3rd period - Deflect By Mike Richards.
3:35 of 3rd period - Shot Blocked by Evgeni Malkin.
3:35 of 3rd period - Puck is out of play.
3:36 of 3rd period - Nick Bjugstad wins face-off versus Sidney Crosby in Senateurs zone.
3:39 of 3rd period - Wrist shot by Nick Bjugstad.
3:39 of 3rd period - Deflect By Tomas Kopecky.
3:39 of 3rd period - Stopped by Roberto Luongo with a rebound.
3:45 of 3rd period - Snap shot by Phil Kessel.
3:45 of 3rd period - Shot Blocked by Philip Samuelsson.
3:52 of 3rd period - Sidney Crosby beats up Tomas Kopecky.
3:52 of 3rd period - Penalty to Tomas Kopecky for Fighting.
3:52 of 3rd period - Penalty to Sidney Crosby for Fighting.
3:53 of 3rd period - Nick Bjugstad wins face-off versus Sergei Kostitsyn in Red Wings zone.
3:53 of 3rd period - Nick Bjugstad is hit by Sergei Kostitsyn.
3:56 of 3rd period - Minor Penalty to David Krejci for Roughing.
3:57 of 3rd period - Alex Picard wins face-off versus Sergei Kostitsyn in Red Wings zone.
5:56 of 3rd period - Penalty to David Krejci is over, David Krejci is back on ice.
6:05 of 3rd period - Wrist shot by Ryan Hollweg.
6:05 of 3rd period - Shot Misses the Net.
6:19 of 3rd period - Nick Bjugstad is hit by Carlo Colaiacovo and loses puck.
6:36 of 3rd period - Snap shot by Petr Pohl.
6:36 of 3rd period - Stopped by Roberto Luongo with a rebound.
6:38 of 3rd period - Slapshot by Ryan O'Byrne.
6:38 of 3rd period - Stopped by Roberto Luongo with a rebound.
6:40 of 3rd period - Slapshot by Ryan O'Byrne.
6:40 of 3rd period - Stopped by Roberto Luongo without a rebound.
6:41 of 3rd period - Petr Pohl wins face-off versus Daniel Briere in Senateurs zone.
6:42 of 3rd period - Snap shot by David Krejci.
6:42 of 3rd period - Shot Misses the Net.
6:50 of 3rd period - Wrist shot by David Krejci.
6:50 of 3rd period - Shot Misses the Net.
6:55 of 3rd period - Icing by Jamie Benn.
6:56 of 3rd period - Nick Bjugstad wins face-off versus Daniel Briere in Senateurs zone.
7:17 of 3rd period - Icing by Dany Heatley.
7:18 of 3rd period - Evgeni Malkin wins face-off versus David Krejci in Red Wings zone.
7:19 of 3rd period - Snap shot by Daniel Sedin.
7:19 of 3rd period - Shot Misses the Net.
7:24 of 3rd period - Off-side.
7:25 of 3rd period - Evgeni Malkin wins face-off versus Mike Richards in neutral zone.
7:28 of 3rd period - Slapshot by Cody Franson.
7:28 of 3rd period - Stopped by James Reimer with a rebound.
7:30 of 3rd period - Snap shot by Colby Armstrong.
7:30 of 3rd period - Stopped by James Reimer without a rebound.
7:31 of 3rd period - Nick Bjugstad wins face-off versus Sergei Kostitsyn in Red Wings zone.
7:35 of 3rd period - Off-side.
7:36 of 3rd period - Sergei Kostitsyn wins face-off versus Nick Bjugstad in neutral zone.
7:42 of 3rd period - Snap shot by Phil Kessel.
7:42 of 3rd period - Stopped by James Reimer with a rebound.
8:04 of 3rd period - Slapshot by Radim Vrbata.
8:04 of 3rd period - Stopped by James Reimer without a rebound.
8:05 of 3rd period - Ryan Hollweg wins face-off versus David Krejci in Red Wings zone.
8:14 of 3rd period - Snap shot by Stephane Da Costa.
8:14 of 3rd period - Stopped by James Reimer without a rebound.
8:15 of 3rd period - David Krejci wins face-off versus Sergei Kostitsyn in Red Wings zone.
8:24 of 3rd period - Andrew Alberts is hit by Nate Prosser and loses puck.
8:29 of 3rd period - Wrist shot by Jamie Benn.
8:29 of 3rd period - Stopped by James Reimer with a rebound.
8:31 of 3rd period - Slapshot by Nate Prosser.
8:31 of 3rd period - Stopped by James Reimer without a rebound.
8:32 of 3rd period - Evgeni Malkin wins face-off versus Nick Bjugstad in Red Wings zone.
9:30 of 3rd period - Slapshot by Sergei Kostitsyn.
9:30 of 3rd period - Shot Blocked by Ole-Kristian Tollefsen.
9:46 of 3rd period - Icing by Cody Franson.
9:47 of 3rd period - Nick Bjugstad wins face-off versus Evgeni Malkin in Senateurs zone.
9:50 of 3rd period - Snap shot by Tomas Kopecky.
9:50 of 3rd period - Shot Misses the Net.
10:33 of 3rd period - Snap shot by Nick Bjugstad.
10:33 of 3rd period - Shot Misses the Net.
10:35 of 3rd period - Snap shot by Nick Bjugstad.
10:35 of 3rd period - Stopped by Roberto Luongo without a rebound.
10:36 of 3rd period - Mike Richards wins face-off versus Phil Kessel in Senateurs zone.
10:57 of 3rd period - Mike Richards is hit by Jamie Benn and loses puck.
11:08 of 3rd period - Slapshot by Connor Brown.
11:08 of 3rd period - Shot Misses the Net.
11:10 of 3rd period - Snap shot by Connor Brown.
11:10 of 3rd period - Stopped by Roberto Luongo without a rebound.
11:11 of 3rd period - David Krejci wins face-off versus Evgeni Malkin in Senateurs zone.
11:47 of 3rd period - Wrist shot by Colby Armstrong.
11:47 of 3rd period - Shot Misses the Net.
12:11 of 3rd period - Snap shot by Sidney Crosby.
12:11 of 3rd period - Shot Misses the Net.
14:57 of 3rd period - Wrist shot by Evgeni Malkin.
14:57 of 3rd period - Shot Misses the Net.
15:49 of 3rd period - Nate Prosser is hit by Nick Bjugstad and loses puck.
16:02 of 3rd period - Snap shot by Tomas Kopecky.
16:02 of 3rd period - Deflect By Nick Bjugstad.
16:02 of 3rd period - Stopped by Roberto Luongo without a rebound.
16:03 of 3rd period - Sidney Crosby wins face-off versus Connor Brown in Senateurs zone.
17:26 of 3rd period - Slapshot by Nate Prosser.
17:26 of 3rd period - Stopped by James Reimer without a rebound.
17:27 of 3rd period - Mike Richards wins face-off versus Sergei Kostitsyn in Red Wings zone.
17:42 of 3rd period - Mike Richards is hit by Radim Vrbata and loses puck.
17:53 of 3rd period - Wrist shot by Evgeni Malkin.
17:53 of 3rd period - Stopped by James Reimer without a rebound.
17:54 of 3rd period - Evgeni Malkin wins face-off versus Tomas Kopecky in Red Wings zone.
18:40 of 3rd period - Wrist shot by David Krejci.
18:40 of 3rd period - Stopped by Roberto Luongo without a rebound.
18:41 of 3rd period - Petr Pohl wins face-off versus Daniel Briere in Senateurs zone.
18:44 of 3rd period - Wrist shot by David Krejci.
18:44 of 3rd period - Deflect By Cody Franson.
18:44 of 3rd period - Goal by David Krejci - Senateurs : 1 - Red Wings : 6.
18:45 of 3rd period - Mike Richards wins face-off versus Sidney Crosby in neutral zone.
19:35 of 3rd period - Snap shot by Sergei Kostitsyn.
19:35 of 3rd period - Stopped by James Reimer with a rebound.
Goals for this period are 0 for Senateurs vs 2 for Red Wings.
Shots for this period are 12 for Senateurs vs 13 for Red Wings.
Back to the Top